 Dungeon Crawl Stone Soup version 0.30.1-4-g462c640d31 (webtiles) character file.

Game seed: 10956881179006041233

389 Gorgoleon the Firebug (level 6, -14/32 HPs)
             Began as a Deep Elf Fire Elementalist on Aug 14, 2023.
             Killed by an exploding goblin (31 damage)
             ... ignited by their inner flame
             ... on level 4 of the Dungeon.
             The game lasted 00:14:32 (3304 turns).

Gorgoleon the Firebug (Deep Elf Fire Elementalist)  Turns: 3304, Time: 00:14:33

Health: -14/32     AC:  2    Str:  5    XL:     6   Next: 49%
Magic:  6/12       EV: 12    Int: 22    God:
Gold:   199        SH:  0    Dex: 15    Spells: 2/11 levels left

rFire   . . .        c - +0 rapier
rCold   . . .        (no shield)
rNeg    . . .        a - +0 robe
rPois   .            (no helmet)
rElec   .            (no cloak)
rCorr   .            (no gloves)
SInv    .            (no boots)
Will    .....        v - amulet of regeneration
Stlth   ++           m - ring of wizardry
HPRegen 1.05/turn    (no ring)
MPRegen 0.13/turn

%: wizardry (x1)
@: no status effects
A: no striking features
a: no special abilities


You were on level 4 of the Dungeon.
You visited 1 branch of the dungeon, and saw 4 of its levels.
You also visited: Sewer.

You collected 199 gold pieces.

Inventory:

Hand Weapons
 c - a +0 rapier (weapon)
Armour
 a - a +0 robe (worn)
 x - an orb of energy
Jewellery
 e - a ring of magical power
 m - a ring of wizardry (left hand)
 v - an amulet of regeneration (around neck)
Wands
 k - a wand of charming (7)
Scrolls
 d - a scroll of poison
 j - 2 scrolls of magic mapping
 l - 2 scrolls of fog {unknown}
 o - a scroll of torment {unknown}
 u - 2 scrolls of teleportation {unknown}
 w - a scroll of summoning {unknown}
Potions
 b - 2 potions of magic
 f - 4 potions of degeneration {unknown}
 g - a potion of invisibility
 i - a potion of flight
 n - a potion of mutation
 p - 2 potions of cancellation {unknown}
 q - a potion of might
 r - a potion of brilliance
 s - 2 potions of curing
 t - a potion of resistance


   Skills:
 - Level 2.4 Dodging
 - Level 2.4 Stealth
 - Level 3.0 Spellcasting
 * Level 4.3 Conjurations
 * Level 2.0 Hexes
 * Level 1.3 Translocations
 * Level 6.3 Fire Magic


You had 2 spell levels left.
You knew the following spells:

 Your Spells              Type           Power      Damage    Failure   Level
a - Foxfire               Conj/Fire      100%       2x1d9     1%          1
b - Scorch                Fire           62%        2d7       1%          2
c - Inner Flame           Hex/Fire       21%        N/A       2%          3
d - Volatile Blastmotes   Fire/Tloc      40%        2d13      3%          3

Your spell library contained the following spells:

 Spells                   Type           Power      Damage    Failure   Level
 Kiss of Death            Conj/Necr      48%        2d9       1%          1
 Summon Small Mammal      Summ           12%        N/A       4%          1
 Cigotuvi's Dreadful Rot  Necr/Pois/Air  6%         N/A       8%          2
 Confusing Touch          Hex            12%        N/A       6%          3
 Ignite Poison            Fire/Tmut/Pois 12%        N/A       6%          3
 Flame Wave               Conj/Fire      26%        2d8       6%          4
 Summon Guardian Golem    Hex/Summ       7%         N/A       10%         3
 Call Canine Familiar     Summ           3%         N/A       16%         3
 Dispel Undead            Necr           3%         3d7       43%         4
 Freezing Cloud           Conj/Ice/Air   4%         6-21      56%         5


Dungeon Overview and Level Annotations

Branches:
Dungeon (4/15)              Sewer (visited)
 Temple: D:4-7

Altars:
Uskayaw

Shops:
D:1 *


Message History

The goblin hits you with a +0 club. The goblin attacks as you move away!
The goblin hits you with a +0 club.
Found a scroll labelled TOBOJO EHAGU.
Casting: Foxfire (safe; 1% risk of failure)
Press: ? - help, Q - select action, (/) - cycle Dir - look around, f - activate You conjure some foxfire!
The goblin hits you with a +0 club.
Your foxfire dissipates!
Casting: Foxfire (safe; 1% risk of failure)
Confirm with . or Enter, or press ? or * to list all spells.
Okay, then.
As you read the scroll labelled ASISCH OK YXA, it crumbles to dust.
The creatures around you are filled with an inner flame!
It was a scroll of immolation.
The goblin closely misses you.
The goblin no longer looks unusually strong. x2
The goblin attacks as you move away! The goblin closely misses you.
Found a potion of curing.
Okay, then.
The goblin attacks as you move away! The goblin hits you with a +0 club.
You see here a potion of curing.
s - 2 potions of curing (gained 1)
The goblin unwields a +0 club.
The goblin wields a +0 sling.
The goblin shoots a sling bullet.
The sling bullet misses you. The goblin barely misses you.
The goblin attacks as you move away! The goblin hits you with a +0 club.
Casting: Foxfire (safe; 1% risk of failure)
Press: ? - help, Q - select action, (/) - cycle Dir - look around, f - activate Look: a goblin, wielding a +0 club (inner flame)
You conjure some foxfire!
The goblin hits you with a +0 club.
Your foxfire dissipates!
Casting: Foxfire (safe; 1% risk of failure)
Confirm with . or Enter, or press ? or * to list all spells.
Flames lash the goblin.
The goblin explodes!
The fiery explosion engulfs the goblin!!!
The goblin explodes!
The fiery explosion engulfs you!!
Ouch! That really hurt!
You die...

##############
#.......gg.).#####
#?##.#####........
#######.#g..## #..)#####
#............#####.#
#.....§§§.....#*#..#
*.#####§#####.##.#.##
**,** #)# *.#.###.####
*****,*,***#@# *..#*
##.... *,,,,***,,*#.#
#.## ##g##
*,***,*,*,*#.#***#.,**
*#.... *,*
**,**,*#..,,,.,*,**#.####
**,**
*,**,*###*,**,**,#..*
**,,,***,**,*
*,**,,,...,*
**,,,,,**,**,*
*,****##.#,*
**,,,,,,,*,>,,*
*,*****#.*,*
*,,,,,,,,,,*,,*
*,,,,,,.,,,*


You could see a hobgoblin (inner flame).

Vanquished Creatures
  A water moccasin (Sewer)
  Blork the orc (D:4)
  An orc priest (D:4)
  Robin (D:4)
  9 adders
  A worm (D:3)
  A dart slug (D:3)
  4 orcs
  6 endoplasms
  4 giant cockroaches
  11 goblins
  7 hobgoblins
  9 jackals
  2 quokkas
  7 ball pythons
  5 bats
  4 frilled lizards
  11 kobolds
  9 rats
94 creatures vanquished.

Vanquished Creatures (others)
  214 foxfires
214 creatures vanquished.

Grand Total: 308 creatures vanquished

Notes
Turn   | Place    | Note
-------+----------+-------------------------------------------
     0 | D:1      | Gorgoleon the Deep Elf Fire Elementalist began the quest
                  | for the Orb.
     0 | D:1      | Reached XP level 1. HP: 10/10 MP: 6/6
   165 | D:1      | Reached XP level 2. HP: 4/15 MP: 4/8
   229 | D:1      | Reached skill level 4 in Fire Magic
   639 | D:1      | Found Werrog's General Store.
   890 | D:1      | Reached XP level 3. HP: 19/19 MP: 7/9
  1010 | D:1      | Learned a level 2 spell: Scorch
  1014 | D:1      | Learned a level 3 spell: Inner Flame
  1358 | D:2      | Found a hide-covered altar of Uskayaw.
  1508 | D:2      | Reached XP level 4. HP: 24/24 MP: 7/10
  1552 | D:2      | Reached skill level 5 in Fire Magic
  2105 | D:3      | Learned a level 3 spell: Volatile Blastmotes
  2261 | D:3      | Reached skill level 1 in Hexes
  2883 | D:4      | Found a glowing drain.
  2891 | D:4      | Reached XP level 5. HP: 28/28 MP: 8/11
  2903 | D:4      | Noticed Blork the orc
  2906 | Sewer    | Entered a sewer
  3005 | Sewer    | Noticed a water moccasin
  3009 | Sewer    | Killed a water moccasin
  3010 | Sewer    | Reached skill level 1 in Translocations
  3010 | Sewer    | Reached skill level 6 in Fire Magic
  3010 | Sewer    | Reached XP level 6. HP: 32/32 MP: 8/12
  3116 | D:4      | Killed Blork the orc
  3266 | D:4      | Noticed Robin
  3283 | D:4      | Killed Robin
  3304 | D:4      | Killed by an exploding goblin... ignited by their inner
                  | flame

Illustrated notes

Levels and vault maps discovered:
D:1:      dpeg_arrival_tiny_f, layout_loops_ring, serial_shops, shop,
          nrook_campfire
D:2:      minmay_diamond_boxcup, layout_rooms, basic_altar,
          hangedman_decor_points, kennysheep_generic_room_16
D:3:      layout_basic, st_stairs_5, mrwooster_statue_mirror
D:4:      layout_loops_ring, portal_sewer_entry_a, uniq_robin,
          uniq_blork_the_orc

Skill      XL: |  1  2  3  4  5  6 |
---------------+-------------------+-----
Fire Magic     | 4 5 6 |  6.3
Conjurations   | 2 3 4 |  4.3
Hexes          | 1 2 |  2.0
Translocations | 1 |  1.3
Dodging        | |  2.4
Stealth        | |  2.4
Spellcasting   | |  3.0

Action                     |  1- 3 |  4- 6 || total
---------------------------+-------+-------++-------
  Melee: Rapier            |    13 |    26 ||    39
         Unarmed           |     2 |       ||     2
         Punch             |     1 |       ||     1
   Cast: Foxfire           |    63 |    68 ||   131
         Scorch            |       |     1 ||     1
    Use: Scroll            |       |    11 ||    11
   Stab: Sleeping          |       |     4 ||     4
 Armour: Robe              |     5 |     8 ||    13
  Dodge: Dodged            |    16 |    28 ||    44
